 Dungeon Crawl Stone Soup version 0.22-a0-91-g23542c2 (webtiles) character file.

4944 KristoblXynda the Martial Artist (level 10, -12/76 (77) HPs)
             Began as a Yellow Draconian Monk on Jan 22, 2018.
             Was an Elder of Wu Jian.
             Mangled by a two-headed ogre
             ... wielding a +0 giant club
              (28 damage)
             ... on level 8 of the Dungeon.
             The game lasted 00:14:27 (8067 turns).

KristoblXynda the Martial Artist (DrMo)             Turns: 8067, Time: 00:14:27

HP:   -12/76 (77)   AC: 13    Str: 14    XL:     10   Next: 28%
MP:   13/13         EV: 17    Int: 12    God:    Wu Jian [****..]
Gold: 397           SH:  6    Dex: 15    Spells: 9/9 levels left

rFire    . . .     SeeInvis .     - Unarmed
rCold    . . .     Gourm    .   w - +2 buckler {AC+3}
rNeg     . . .     Faith    .   (armour unavailable)
rPois    .         Spirit   .   (helmet restricted)
rElec    .         Reflect  .   j - +0 cloak
rCorr    +         Harm     .   h - +0 pair of gloves
MR       .....                  B - +0 pair of boots
Stlth    ++........             (no amulet)
HPRegen  0.22/turn              (no ring)
MPRegen  0.13/turn              (no ring)

@: short of breath, drained
A: spit acid, acid resistance, unfitting armour, cold-blooded, AC +7
a: Breathe Acid, Wall Jump, Serpent's Lash, Renounce Religion


You were on level 8 of the Dungeon.
You worshipped Wu Jian.
Wu Jian was greatly pleased with you.
You were not hungry.

You visited 2 branches of the dungeon, and saw 9 of its levels.

You collected 397 gold pieces.

Inventory:

Missiles
 k - 11 javelins
 n - a throwing net (quivered)
Armour
 h - a +0 pair of gloves (worn)
 j - a +0 cloak (worn)
 w - a +2 buckler of protection (worn)
 B - a +0 pair of boots (worn)
Wands
 g - a wand of disintegration (9)
 i - a wand of paralysis (14)
 o - a wand of clouds (6)
 v - a wand of iceblast (3)
Scrolls
 d - 4 scrolls of magic mapping
 f - 2 scrolls of teleportation
 m - 4 scrolls of remove curse
 q - a scroll of enchant armour {unknown}
 s - 2 scrolls of amnesia
 A - a scroll of silence {unknown}
Potions
 c - a potion of resistance
 e - 2 potions of cancellation
 p - 3 potions of haste {unknown}
 r - a potion of might {unknown}
 t - a potion of curing
 u - a potion of mutation {unknown}
Books
 b - a book of Misfortune

   Spells                             Type                      Level
   a - Confusing Touch                Hexes                        1
   b - Confuse                        Hexes                        3
   c - Gell's Gravitas                Translocation                3
   d - Petrify                        Transmutation/Earth          4
   e - Metabolic Englaciation         Hexes/Ice                    5
   f - Yara's Violent Unravelling     Hexes/Transmutation          5
 l - a book of Maledictions

   Spells                             Type                      Level
   a - Corona                         Hexes                        1
   b - Ensorcelled Hibernation        Hexes/Ice                    2
   c - Confuse                        Hexes                        3
   d - Tukima's Dance                 Hexes                        3
   e - Dazzling Spray                 Conjuration/Hexes            3
 y - a book of Burglary

   Spells                             Type                      Level
   a - Swiftness                      Charms/Air                   2
   b - Passwall                       Transmutation/Earth          2
   c - Passage of Golubria            Translocation                4
   d - Lee's Rapid Deconstruction     Earth                        5
   e - Darkness                       Hexes                        6
   f - Invisibility                   Hexes                        6
Miscellaneous
 x - a crystal ball of energy
Comestibles
 a - 9 rations
 z - a chunk of flesh


   Skills:
 - Level 3.2(3.1) Fighting
 + Level 8.0(7.9) Dodging
 - Level 1.7(1.6) Stealth
 + Level 2.3(2.2) Shields
 + Level 11.6(11.4) Unarmed Combat
 + Level 5.1(5.0) Evocations


You had 9 spell levels left.
You didn't know any spells.

Dungeon Overview and Level Annotations

Branches:
Dungeon (8/15)             Temple (1/1) D:5
   Lair: D:8-11

Altars:
Ashenzari
Cheibriados
Dithmenos
Elyvilon
Fedhas
Gozag
Hepliaklqana
Kikubaaqudgha
Makhleb
Nemelex Xobeh
Okawaru
Qazlal
Ru
Sif Muna
Trog
Uskayaw
Vehumet
Wu Jian
Xom
Zin
The Shining One


Innate Abilities, Weirdness & Mutations

You can spit globs of acid.
You are resistant to acid.
Your golden yellow scales are hard. (AC +7)
You cannot fit into any form of body armour.
You are cold-blooded and may be slowed by cold attacks.


Message History

You spit a glob of acid.
The glob of acid hits the two-headed ogre.
The two-headed ogre is splashed with acid.
The acid corrodes the two-headed ogre!
The two-headed ogre is moderately wounded.
The two-headed ogre is splashed with acid.
You feel somewhat more hungry.
You punch the two-headed ogre!
Your tail-slap misses the two-headed ogre.
The two-headed ogre is heavily wounded.
The two-headed ogre hits you with a giant club!!
The two-headed ogre hits you with a giant spiked club.
You barely miss the two-headed ogre. You tail-slap the two-headed ogre.
The two-headed ogre is heavily wounded.
You barely miss the two-headed ogre.
The two-headed ogre is heavily wounded.
The two-headed ogre hits you with a giant club!
* * * LOW HITPOINT WARNING * * *
The two-headed ogre hits you with a giant spiked club!!
You die...

#...# ....
##...).....#
....# #####
#####.....#
##.... #.....#
#..##
#######...####
#..#
#..............
#.#####........
#.# #..######
#># #..# #@#
#..# #O# #..#
... .... .....
... ###.### ..#
###


You could see a two-headed ogre.

Vanquished Creatures
  A two-headed ogre (D:5)
  A troll (D:7)
  The ghost of KristoblXynda the Ruffian, an amateur DrTm (D:4)
  2 hippogriffs (D:7)
  Duvessa (D:6)
  A water moccasin (D:6)
  A necrophage (D:7)
  An orc warrior (D:8)
  A black bear (D:7)
  A phantom (D:5)
  3 ogres
  2 ice beasts
  An eye of draining (D:8)
  The ghost of KristoblXynda the Ruffian, an amateur DrTm of Wu Jian (D:3)
  3 centaurs
  A big kobold (D:7)
  2 bullfrogs
  2 gnoll sergeants (D:7)
  Dowan (D:6)
  2 scorpions
  3 killer bees (D:7)
  4 wights (D:8)
  4 howler monkeys
  3 crimson imps
  A centaur zombie (D:7)
  2 bullfrog skeletons
  2 hounds (D:8)
  4 jellies
  5 orc wizards
  3 orc priests
  A gnoll shaman (D:6)
  Crazy Yiuf (D:3)
  2 centaur skeletons (D:7)
  Terence (D:2)
  2 iguanas (D:7)
  6 worker ants
  2 killer bee zombies
  A worker ant zombie (D:8)
  5 gnolls (D:6)
  6 adders
  A shadow imp (D:7)
  4 oozes
  2 adder skeletons
  A dart slug (D:4)
  5 leopard geckos
  18 orcs
  6 giant cockroaches
  3 goblins
  11 hobgoblins
  15 jackals
  2 quokkas (D:5)
  6 bats
  3 frilled lizards (D:3)
  A giant cockroach zombie (D:5)
  13 kobolds
  2 leopard gecko skeletons (D:5)
  A quokka skeleton (D:7)
  2 quokka zombies
  11 rats
194 creatures vanquished.

Notes
Turn   | Place    | Note
-------+----------+-------------------------------------------
     0 | D:1      | KristoblXynda the Draconian Monk began the quest for the Orb.
     0 | D:1      | Reached XP level 1. HP: 19/19 MP: 1/1
    57 | D:1      | Reached XP level 2. HP: 22/26 MP: 2/2
   645 | D:2      | Noticed Terence
   661 | D:2      | Killed Terence
   661 | D:2      | Reached skill level 4 in Unarmed Combat
   661 | D:2      | Reached XP level 3. HP: 16/31 MP: 3/3
  1091 | D:2      | Reached XP level 4. HP: 32/38 MP: 4/4
  1866 | D:3      | Noticed KristoblXynda's ghost (amateur DrTm)
  2011 | D:4      | Noticed an ogre
  2018 | D:4      | Killed an ogre
  2018 | D:4      | Reached skill level 5 in Unarmed Combat
  2018 | D:4      | Reached XP level 5. HP: 38/45 MP: 5/5
  2214 | D:4      | Found an iron altar of Okawaru.
  2280 | D:4      | Noticed KristoblXynda's ghost (amateur DrTm)
  2762 | D:3      | Found a runed door.
  2766 | D:3      | Noticed Crazy Yiuf
  2773 | D:3      | Killed Crazy Yiuf
  2773 | D:3      | Reached XP level 6. HP: 51/51 MP: 6/6
  2959 | D:3      | Killed KristoblXynda's ghost
  2959 | D:3      | Reached skill level 6 in Unarmed Combat
  3508 | D:4      | Killed KristoblXynda's ghost
  3508 | D:4      | Reached skill level 7 in Unarmed Combat
  3508 | D:4      | Your scales start taking on a golden yellow colour.
  3508 | D:4      | Reached XP level 7. HP: 57/57 MP: 7/7
  3598 | D:5      | Entered Level 5 of the Dungeon
  3612 | D:5      | Reached skill level 5 in Dodging
  3961 | D:5      | Noticed a two-headed ogre
  3988 | D:5      | Killed a two-headed ogre
  3988 | D:5      | Reached skill level 9 in Unarmed Combat
  3988 | D:5      | Reached XP level 8. HP: 31/63 MP: 8/8
  4393 | D:5      | Found a staircase to the Ecumenical Temple.
  4405 | Temple   | Entered the Ecumenical Temple
  4528 | Temple   | Became a worshipper of the Wu Jian Council
  4528 | Temple   | Reached * piety under Wu Jian
  4528 | Temple   | Reached ** piety under Wu Jian
  4708 | D:5      | Reached skill level 1 in Evocations
  5066 | D:6      | Noticed Duvessa
  5066 | D:6      | Noticed Dowan
  5081 | D:6      | Killed Duvessa
  5081 | D:6      | Reached XP level 9. HP: 70/70 MP: 10/10
  5095 | D:6      | Reached skill level 10 in Unarmed Combat
  5107 | D:6      | Killed Dowan
  6566 | D:7      | Reached *** piety under Wu Jian
  6599 | D:7      | Reached skill level 11 in Unarmed Combat
  6942 | D:7      | Noticed a troll
  6948 | D:7      | Killed a troll
  6948 | D:7      | Reached skill level 1 in Shields
  6948 | D:7      | Reached XP level 10. HP: 44/76 MP: 13/13
  7719 | D:8      | Found a bloodstained altar of Trog.
  7785 | D:8      | Reached skill level 5 in Evocations
  7792 | D:8      | Found a shattered altar of Ashenzari.
  7795 | D:8      | Found an ancient bone altar of Kikubaaqudgha.
  7799 | D:8      | Found a hide-covered altar of Uskayaw.
  7799 | D:8      | Found a deep blue altar of Sif Muna.
  7799 | D:8      | Found a shimmering altar of Xom.
  7799 | D:8      | Found a snail-covered altar of Cheibriados.
  7800 | D:8      | Found a burning altar of Makhleb.
  7801 | D:8      | Found a stormy altar of Qazlal.
  7803 | D:8      | Found a sacrificial altar of Ru.
  7858 | D:8      | Reached **** piety under Wu Jian
  8060 | D:8      | Noticed a two-headed ogre
  8067 | D:8      | Mangled by a two-headed ogre

Vault maps used:
D:1:      dpeg_arrival_tiny_b, serial_bayou_lake_a
D:2:      uniq_terence
D:3:      hex_large, uniq_crazy_yiuf_cottage
D:4:      first_ration, st_stairs_10, okawaru_gym_becter
D:5:      minmay_temple_entry_statues_pillars, serial_corexii_hall,
          corexii_hall_statues_deadend, corexii_hall_statues_x,
          corexii_hall_statues_t, corexii_hall_statues_s
D:6:      uniq_duvessa
D:7:      kennysheep_windowed_halls
D:8:      kennysheep_little_box, trog_eyes_of_draining, minitemple
Temple:   minmay_temple_curvy_loop

Skill      XL: |  1  2  3  4  5  6  7  8  9 10 |
---------------+-------------------------------+-----
Dodging        | 3 4 6 7 8 |  8.0
Unarmed Combat | 4 5 7 9 11 | 11.6
Evocations     | 1 4 5 |  5.1
Shields        | 1 2 |  2.3
Fighting       | |  3.2
Stealth        | |  1.7

Action                   |  1- 3 |  4- 6 |  7- 9 | 10-12 || total
-------------------------+-------+-------+-------+-------++-------
Melee: Unarmed           |   125 |   185 |   375 |   120 ||   805
       Tailslap          |    16 |    28 |    65 |    19 ||   128
       Punch             |     1 |     5 |     9 |       ||    15
Invok: Wall Jump         |       |       |    13 |     3 ||    16
       Whirlwind         |       |       |    11 |     2 ||    13
       Lunge             |       |       |    17 |     3 ||    20
 Abil: Breathe Acid      |       |       |    14 |     3 ||    17
Evoke: Wand              |       |     3 |     3 |       ||     6
  Use: Scroll            |       |     7 |     5 |       ||    12
       Potion            |       |     2 |     2 |       ||     4
 Stab: Sleeping          |       |     6 |       |     1 ||     7
       Paralysed         |       |    13 |     6 |       ||    19
  Eat: Chunk             |       |     6 |     6 |     1 ||    13
       Ration            |       |     1 |     2 |     1 ||     4
Armor: Skin              |    31 |    53 |    92 |     8 ||   184
Dodge: Dodged            |    71 |   112 |   313 |    63 ||   559
Block: Buckler           |       |       |     5 |    21 ||    26

Table legend:
 A = Spawn XP
 B = Non-spawn XP
 C = Spawn XP percentage of total XP
 D = Spawn monster count
 E = Non-spawn monster count
 F = Spawn count percentage of total count
 G = Total turns spent on level
                    A         B        C        D         E        F      G
               +---------+---------+-------+---------+---------+-------+---------
         Total |       0 |    7063 |   0.0 |       0 |     194 |   0.0 |  8067
               +---------+---------+-------+---------+---------+-------+---------
           D:1 |       0 |      40 |   0.0 |       0 |      21 |   0.0 |   618
           D:2 |       0 |     106 |   0.0 |       0 |      19 |   0.0 |  1033
           D:3 |       0 |     196 |   0.0 |       0 |      21 |   0.0 |  1285
           D:4 |       0 |     657 |   0.0 |       0 |      11 |   0.0 |   752
           D:5 |       0 |    1674 |   0.0 |       0 |      31 |   0.0 |  1158
           D:6 |       0 |     892 |   0.0 |       0 |      21 |   0.0 |  1004
           D:7 |       0 |    2333 |   0.0 |       0 |      48 |   0.0 |  1523
           D:8 |       0 |    1165 |   0.0 |       0 |      22 |   0.0 |   477
               +---------+---------+-------+---------+---------+-------+---------
